AoeStats
← jamigov

Lombardia

509728994Analyzed
2v2 RM · 3d ago on Sep 27, 2026· 44m 56s· 4 players
Game mode
Random Map
Map size
Medium (4 player)
Population
200
Speed
Normal
Resources
Standard
Victory
Conquest
Starting age
Dark Age
Ending age
Imperial Age
RankedLock teamsTeams togetherTeam positionsShared explorationLock speedFull tech treeHidden civsTurbo modeCheats
Victory
Defeat
🇺🇸 Khmer · United States
1248
+14
🇺🇸 Persians · United States
1247
+14
🇮🇪 Mongols · Ireland
1210
-14
🇪🇸 Malians · Spain
1209
-14
jamigov
7:58 Loom
10:20 Feudal Age
11:39 Wheelbarrow
10:27 Man-at-Arms
11:58 Arson
15:21 Double-Bit Axe
16:49 Horse Collar
19:50 Fletching
26:59 Castle Age
25:00 Padded Archer Armor
25:28 Gold Mining
25:48 Stone Mining
26:28 Town Watch
27:02 Crossbowman
27:39 Bodkin Arrow
29:28 Thumb Ring
32:58 Bow Saw
33:03 Scale Mail Armor
34:22 Forging
34:59 Stone Shaft Mining
36:39 Iron Casting
37:24 Hand Cart
37:30 Chain Mail Armor
37:31 Heavy Plow
39:35 Squires
45:07 Imperial Age
43:44 Ballistics
DiWiT
5:21 Loom
10:59 Feudal Age
16:41 Castle Age
14:50 Double-Bit Axe
16:29 Horse Collar
16:40 Gold Mining
17:46 Scale Barding Armor
17:52 Forging
17:50 Town Watch
23:53 Wheelbarrow
24:55 Bloodlines
25:46 Husbandry
30:44 Iron Casting
31:31 Chain Barding Armor
34:35 Fletching
37:22 Bodkin Arrow
38:11 Stone Mining
42:32 Imperial Age
43:21 Elite Steppe Lancer
45:04 Blast Furnace
44:28 Padded Archer Armor
44:24 Bodkin Arrow
44:33 Town Patrol
Housed MD
6:43 Loom
9:13 Feudal Age
10:31 Wheelbarrow
9:44 Double-Bit Axe
15:44 Horse Collar
20:24 Gold Mining
21:36 Scale Barding Armor
24:29 Castle Age
24:04 Bloodlines
25:35 Chain Barding Armor
25:36 Bow Saw
25:47 Husbandry
32:36 Town Watch
33:08 Hand Cart
33:25 Heavy Plow
33:36 Stone Mining
34:22 Gold Shaft Mining
40:46 Imperial Age
39:10 Forging
40:56 Iron Casting
40:24 Cavalier
41:42 Plate Barding Armor
41:29 Conscription
41:51 Savar
44:39 Blast Furnace
44:43 Two-Man Saw
45:33 Crop Rotation
vada_pav_4life
5:30 Loom
8:25 Feudal Age
8:57 Double-Bit Axe
11:53 Horse Collar
20:16 Castle Age
19:04 Gold Mining
19:53 Stone Mining
21:26 Bow Saw
21:19 Heavy Plow
27:37 Wheelbarrow
26:50 Town Watch
27:52 Husbandry
28:05 Bloodlines
28:01 Scale Barding Armor
30:29 Light Cavalry
34:18 Imperial Age
32:19 Forging
33:04 Ballistics
32:53 Fletching
34:57 Heavy Scorpion
36:05 Conscription
36:50 Chemistry
37:23 Chain Barding Armor
36:59 Bodkin Arrow
37:59 Iron Casting
37:14 Hussar
38:56 Crop Rotation
38:28 Murder Holes
38:46 Masonry
39:36 Coinage
39:42 Double Crossbow
41:05 Architecture
42:34 Bracer
44:01 Hand Cart
Connection lost

Rejoining the realm…

Still unreachable

The connection could not be restored.

Session expired

The server has moved on; the page needs a fresh start.